[Event "Titled Tuesday Blitz November 29 Early 2022"]
[White "Gabrielian, Artur"]
[Black "Deac, Bogdan-Daniel"]
[WhiteFideId "4131002"]
[BlackFideId "1226380"]
[WhiteElo "2432"]
[BlackElo "2648"]
[Result "0-1"]
[Round "04"]
[TimeControl "180+1"]
[Date "2022.11.30"]
[WhiteClock "0:00:03"]
[BlackClock "0:00:05"]

1. e4 c6 2. d4 d5 3. e5 Bf5 4. h4 h5 5. Bd3 Bxd3 6. Qxd3 e6 7. Nf3 Qa5+ 8. Nbd2 Nh6 9. O-O Nf5 10. a4 c5 11. c4 Qa6 12. Qc2 Nc6 13. dxc5 Nb4 14. Qb3 Bxc5 15. cxd5 exd5 16. Ng5 O-O 17. Qh3 Qg6 18. Ndf3 Rae8 19. Bd2 f6 20. exf6 gxf6 21. Bxb4 Bxb4 22. g4 Ng7 23. Rad1 fxg5 24. Nxg5 Rf4 25. Rxd5 Rxg4+ 26. Kh1 Qc6 27. Qb3 Rxh4+ 28. Kg1 Qc4 29. Qxc4 Rxc4 30. Rfd1 Rc5 31. Rxc5 Bxc5 32. Rd7 a5 33. Rxb7 Rf8 34. Kg2 h4 35. Kh3 Bxf2 36. Kg4 Bg3 37. b4 Rf4+ 38. Kh3 Rxb4 39. Ra7 Nf5 40. Ne6 Rxa4 41. Kg2 Ne3+ 42. Kf3 Nd5 43. Ng5 Ra3+ 44. Kg4 Ra4+ 45. Kh5 Kf8 46. Kg6 Ke8 47. Ne6 Nf4+ 48. Nxf4 Rxf4 49. Rxa5 h3 50. Rh5 h2 51. Kg5 Rh4 0-1


[Site "https://www.chess.com"]

[Event "Titled Tuesday Blitz November 29 Early 2022"]
[White "Gadimbayli, Abdulla"]
[Black "Janaszak, Dawid"]
[WhiteFideId "13404938"]
[BlackFideId "1119206"]
[WhiteElo "2399"]
[BlackElo "2226"]
[Result "1/2-1/2"]
[Round "04"]
[TimeControl "180+1"]
[Date "2022.11.30"]
[WhiteClock "0:00:12"]
[BlackClock "0:00:39"]

1. e4 c5 2. Nf3 Nc6 3. Bb5 g6 4. O-O Bg7 5. Re1 e5 6. c3 a6 7. Bf1 Nge7 8. Na3 O-O 9. Nc2 d5 10. exd5 Nxd5 11. d4 cxd4 12. cxd4 exd4 13. Nfxd4 Nxd4 14. Nxd4 Nb4 15. Be3 Nd5 16. Bc1 Nb4 17. Be3 Nd5 18. Bc4 Nxe3 19. fxe3 Qg5 20. Qf3 Bg4 21. Qg3 Be5 22. Qf2 b5 23. Bb3 Rac8 24. h3 Bxd4 25. exd4 Bxh3 26. Re3 Be6 27. Bxe6 fxe6 28. Rf3 Rc1+ 29. Rxc1 Qxc1+ 30. Kh2 Rxf3 31. Qxf3 Qxb2 32. Qa8+ Kg7 33. Qb7+ Kh6 34. Qe4 Qxa2 35. Qh4+ Kg7 36. Qe7+ Kg8 37. Qe8+ Kg7 38. Qe7+ Kg8 39. Qe8+ Kg7 40. Qe7+ 1/2-1/2


[Site "https://www.chess.com"]

[Event "Titled Tuesday Blitz November 29 Early 2022"]
[White "Garagulya, Konstantin"]
[Black "Taboas Rodriguez, Daniel"]
[WhiteFideId "4128931"]
[BlackFideId "2208466"]
[WhiteElo "2329"]
[BlackElo "2329"]
[Result "1-0"]
[Round "04"]
[TimeControl "180+1"]
[Date "2022.11.30"]
[WhiteClock "0:00:57"]
[BlackClock "0:01:12"]

1. d4 Nf6 2. Nf3 g6 3. Nc3 d5 4. Bf4 c6 5. e3 Bf5 6. Nh4 Bd7 7. Bd3 Bg7 8. Nf3 Bg4 9. h3 Bxf3 10. Qxf3 Nbd7 11. g4 O-O 12. Qg3 Re8 13. O-O Qb6 14. Rab1 e5 15. dxe5 Ne4 16. Bxe4 dxe4 17. Nxe4 Nxe5 18. g5 Qb4 19. Nf6+ Bxf6 20. gxf6 Nd7 21. Bd6 Qe4 22. Be7 Qe6 23. Qh4 Ne5 24. Qh6 Nf3+ 25. Kg2 Qe4 26. Qg7# 1-0


[Site "https://www.chess.com"]

[Event "Titled Tuesday Blitz November 29 Early 2022"]
[White "Gareyev, Timur"]
[Black "Hansen, Eric"]
[WhiteFideId "14200937"]
[BlackFideId "2606771"]
[WhiteElo "2552"]
[BlackElo "2568"]
[Result "0-1"]
[Round "04"]
[TimeControl "180+1"]
[Date "2022.11.30"]
[WhiteClock "0:00:12"]
[BlackClock "0:00:31"]

1. d4 Nf6 2. Nf3 g6 3. c4 Bg7 4. Nc3 d5 5. h4 c6 6. Bg5 Ne4 7. e3 Nxg5 8. hxg5 e6 9. Qc2 Nd7 10. e4 dxc4 11. Bxc4 e5 12. d5 Nb6 13. Bb3 Bg4 14. O-O-O Bxf3 15. gxf3 Qxg5+ 16. Kb1 O-O 17. dxc6 bxc6 18. Rd6 Rac8 19. Qd3 Rfd8 20. Rd1 Rxd6 21. Qxd6 Bf8 22. Qd3 Kg7 23. Ne2 Qf6 24. Qe3 Bd6 25. Rh1 h5 26. Ng3 h4 27. Ne2 c5 28. Bc2 c4 29. f4 exf4 30. Qh3 Rh8 31. Ng1 Bc5 32. Nf3 Bxf2 33. e5 Qe6 34. Qg2 Bg3 35. Qe2 Rh5 36. Rd1 h3 37. Rd6 h2 38. Nxh2 Rxh2 39. Qe4 Qf5 40. Rxg6+ fxg6 41. Qb7+ Qf7 0-1


[Site "https://www.chess.com"]

[Event "Titled Tuesday Blitz November 29 Early 2022"]
[White "Gatterer, Florian"]
[Black "Vysochin, Spartak"]
[WhiteFideId "811688"]
[BlackFideId "14103516"]
[WhiteElo "2218"]
[BlackElo "2412"]
[Result "1/2-1/2"]
[Round "04"]
[TimeControl "180+1"]
[Date "2022.11.30"]
[WhiteClock "0:00:45"]
[BlackClock "0:00:17"]

1. c4 c6 2. Nf3 d5 3. e3 Nf6 4. Nc3 Bf5 5. c5 e6 6. d4 Be7 7. h3 O-O 8. Nh4 Bg6 9. Nxg6 hxg6 10. f4 Nbd7 11. Bd2 Nh5 12. Kf2 Bh4+ 13. Kf3 Ng3 14. Rg1 g5 15. Bd3 gxf4 16. exf4 Qf6 17. Be3 e5 18. dxe5 Nxe5+ 19. Kf2 Nf5+ 20. g3 Bxg3+ 21. Rxg3 Nxg3 22. Kxg3 Nxd3 23. Qxd3 Rad8 24. Bd4 Qg6+ 25. Qxg6 fxg6 26. h4 Rf5 1/2-1/2


[Site "https://www.chess.com"]

[Event "Titled Tuesday Blitz November 29 Early 2022"]
[White "Gheorghiu, Calin"]
[Black "Foerster-Yialamas, Lucas"]
[WhiteFideId "1200305"]
[BlackFideId "30901774"]
[WhiteElo "2225"]
[BlackElo "2067"]
[Result "1-0"]
[Round "04"]
[TimeControl "180+1"]
[Date "2022.11.30"]
[WhiteClock "0:01:16"]
[BlackClock "0:00:27"]

1. c4 g6 2. Nc3 Nf6 3. e4 e5 4. d3 Bc5 5. Be3 Bxe3 6. fxe3 d6 7. Be2 h5 8. Qd2 Ng4 9. Nf3 Nc6 10. h3 Nf6 11. O-O-O a6 12. Rhf1 Qe7 13. d4 exd4 14. exd4 Bd7 15. Nd5 Nxd5 16. exd5 Na7 17. Bd3 O-O-O 18. Rde1 Qf6 19. Ne5 Qxf1 20. Rxf1 dxe5 21. dxe5 Rhf8 22. Qb4 Kb8 23. e6 Bxe6 24. dxe6 Nc6 25. Qc5 Rh8 26. exf7 Rhf8 27. Bxg6 Rd6 28. Re1 b6 29. Re8+ Nd8 30. Qxd6 cxd6 31. Rxf8 Kc7 32. Rxd8 1-0


[Site "https://www.chess.com"]

[Event "Titled Tuesday Blitz November 29 Early 2022"]
[White "Goltsev, Dmitry"]
[Black "Zhigalko, Sergei"]
[WhiteFideId "24176710"]
[BlackFideId "13502956"]
[WhiteElo "2289"]
[BlackElo "2662"]
[Result "1/2-1/2"]
[Round "04"]
[TimeControl "180+1"]
[Date "2022.11.30"]
[WhiteClock "0:00:23"]
[BlackClock "0:00:07"]

1. e4 c5 2. Nf3 Nc6 3. d4 cxd4 4. Nxd4 Nf6 5. Nc3 e5 6. Nf5 d5 7. exd5 Bxf5 8. dxc6 bxc6 9. Bd3 e4 10. Qe2 Qe7 11. Bc4 Qe5 12. O-O Bd6 13. f4 Qe7 14. h3 O-O 15. Be3 h5 16. Rad1 Rfd8 17. Qf2 Bb4 18. Ne2 Be6 19. Bb3 Bxb3 20. axb3 Nd5 21. Kh2 Nxe3 22. Qxe3 Bc5 23. Nd4 Qf6 24. c3 Bxd4 25. cxd4 Re8 26. Rc1 Rab8 27. Rc5 Rb4 28. Rfc1 Qxd4 29. Qxd4 Rxd4 30. Rxc6 e3 31. Kg3 Rb4 32. R6c3 Ree4 33. Re1 Rxf4 34. Rexe3 h4+ 35. Kh2 Rf2 36. Rf3 Rxb2 37. Rc8+ Kh7 38. Rxf7 Rb6 39. Rc4 R2xb3 40. Rxh4+ Rh6 41. Rxh6+ Kxh6 42. Rxa7 Rb6 43. Ra4 Kh7 44. Kg3 Kg8 45. Rf4 Rb3+ 46. Rf3 Rb2 47. Rf2 Rb6 48. h4 Rg6+ 49. Kh3 Ra6 50. Rf3 Ra5 51. g4 g6 52. Kg3 Kg7 53. Re3 Ra4 54. Kf3 Kf6 55. Re4 Ra1 56. Rf4+ Kg7 57. Rb4 Rf1+ 58. Kg3 Rg1+ 59. Kf3 Rf1+ 60. Kg3 Rg1+ 61. Kf3 Rf1+ 1/2-1/2


[Site "https://www.chess.com"]

[Event "Titled Tuesday Blitz November 29 Early 2022"]
[White "Gorodetzky, David"]
[Black "Fedoseev, Vladimir"]
[WhiteFideId "2813416"]
[BlackFideId "24130737"]
[WhiteElo "2497"]
[BlackElo "2726"]
[Result "1-0"]
[Round "04"]
[TimeControl "180+1"]
[Date "2022.11.30"]
[WhiteClock "0:00:16"]
[BlackClock "0:00:02"]

1. e4 c5 2. c3 d5 3. exd5 Nf6 4. d4 cxd4 5. Qa4+ Bd7 6. Qxd4 Qa5 7. Bc4 Na6 8. Nf3 Nc7 9. Ne5 Nb5 10. Bxb5 Bxb5 11. Bd2 Qb6 12. Qxb6 axb6 13. c4 Ba6 14. Nc3 Rc8 15. Rc1 e6 16. dxe6 fxe6 17. b3 Bd6 18. Nf3 O-O 19. O-O e5 20. Be3 Ba3 21. Rcd1 b5 22. Nxb5 Bxb5 23. cxb5 e4 24. Nd2 Rc2 25. Nc4 Be7 26. a4 Rc3 27. Na5 Ng4 28. Bd4 Rd3 29. h3 Nh6 30. Nxb7 Rxb3 31. Bc5 Bxc5 32. Nxc5 Rb4 33. Rfe1 Rc8 34. Rd5 1-0


[Site "https://www.chess.com"]

[Event "Titled Tuesday Blitz November 29 Early 2022"]
[White "Grabinsky, Vladimir"]
[Black "Putri, Regita Desyari"]
[WhiteFideId "14107074"]
[BlackFideId "7109083"]
[WhiteElo "2198"]
[BlackElo "1930"]
[Result "0-1"]
[Round "04"]
[TimeControl "180+1"]
[Date "2022.11.30"]
[WhiteClock "0:00:03"]
[BlackClock "0:01:20"]

1. e4 c5 2. Nc3 a6 3. g3 b5 4. Bg2 Bb7 5. f4 e6 6. d3 Ne7 7. Nf3 d5 8. O-O Nd7 9. f5 b4 10. fxe6 fxe6 11. Ne2 dxe4 12. Ng5 Qb6 13. Nf4 e5 14. Nfe6 h6 15. Nxf8 Rxf8 16. Rxf8+ Nxf8 17. Nxe4 O-O-O 18. Qg4+ Kb8 19. Be3 Ne6 20. Rf1 Nd5 21. Rf7 Nxe3 22. Qg6 Nxg2 23. Kxg2 Ka7 24. Qf5 Ng5 25. Rxg7 Nxe4 26. dxe4 Rd2+ 27. Kh3 c4 28. Rg6 Qf2 0-1


[Site "https://www.chess.com"]

[Event "Titled Tuesday Blitz November 29 Early 2022"]
[White "Grandelius, Nils"]
[Black "Csonka, Balazs"]
[WhiteFideId "1710400"]
[BlackFideId "742910"]
[WhiteElo "2617"]
[BlackElo "2404"]
[Result "1/2-1/2"]
[Round "04"]
[TimeControl "180+1"]
[Date "2022.11.30"]
[WhiteClock "0:00:22"]
[BlackClock "0:00:12"]

1. g3 d5 2. Nf3 g6 3. c4 dxc4 4. Na3 Bg7 5. Nxc4 Nc6 6. d3 e5 7. Bd2 Nge7 8. Rc1 O-O 9. b4 b5 10. Ne3 Be6 11. a3 Nd4 12. Rc5 Nxf3+ 13. exf3 a6 14. h4 h6 15. Be2 Qd7 16. O-O Nf5 17. Nxf5 Bxf5 18. Qc2 Rfd8 19. Rxc7 Bxd3 20. Bxd3 Qxd3 21. Qa2 Rd7 22. Rxd7 Qxd7 23. Rc1 Rc8 24. Rxc8+ Qxc8 25. Kg2 Qc6 26. Be3 h5 27. Qb3 Bf8 28. Qd3 Kg7 29. Bd2 Be7 30. Qe4 Qxe4 31. fxe4 Kf6 32. Kf3 Ke6 33. Ke2 Bd8 34. Kd3 Bb6 35. Be3 Bxe3 36. Kxe3 f6 1/2-1/2


[Site "https://www.chess.com"]

[Event "Titled Tuesday Blitz November 29 Early 2022"]
[White "Hambleton, Aman"]
[Black "Silva, Miguel Antonio Neto"]
[WhiteFideId "2606577"]
[BlackFideId "1911929"]
[WhiteElo "2538"]
[BlackElo "2223"]
[Result "1-0"]
[Round "04"]
[TimeControl "180+1"]
[Date "2022.11.30"]
[WhiteClock "0:00:06"]
[BlackClock "0:00:19"]

1. d4 Nf6 2. c4 e6 3. Nc3 Bb4 4. Qc2 d5 5. cxd5 exd5 6. Bg5 c6 7. e3 h6 8. Bh4 Nbd7 9. Bd3 Qe7 10. Ne2 Bd6 11. Bg3 O-O 12. O-O Re8 13. Rae1 Nf8 14. h3 Be6 15. f3 c5 16. Bxd6 Qxd6 17. Nb5 Qe7 18. Qxc5 Qd8 19. Qc7 a6 20. Qxd8 Rexd8 21. Nbc3 Rac8 22. Rc1 N8d7 23. Kf2 Nb6 24. Rc2 g6 25. Rfc1 Kg7 26. h4 h5 27. Nf4 Ne8 28. b3 Nd6 29. Ke1 Kh6 30. Kd2 Re8 31. a4 a5 32. Nb5 Nxb5 33. Bxb5 Rxc2+ 34. Rxc2 f6 35. Bxe8 1-0


[Site "https://www.chess.com"]

[Event "Titled Tuesday Blitz November 29 Early 2022"]
[White "Hartikainen, Jarmo"]
[Black "Kulkarni, Vikramaditya"]
[WhiteFideId "503134"]
[BlackFideId "5009847"]
[WhiteElo "2220"]
[BlackElo "2273"]
[Result "0-1"]
[Round "04"]
[TimeControl "180+1"]
[Date "2022.11.30"]
[WhiteClock "0:00:19"]
[BlackClock "0:01:04"]

1. e4 e6 2. d4 d5 3. Nc3 Nf6 4. Bg5 Be7 5. e5 Ng8 6. h4 h6 7. Bxe7 Nxe7 8. Qd2 b6 9. Rh3 a5 10. Nf3 Ba6 11. O-O-O Qd7 12. g4 h5 13. Qg5 hxg4 14. Qxg4 Bxf1 15. Rxf1 Nf5 16. h5 Nc6 17. Rd1 O-O-O 18. Nh4 Nce7 19. Qe2 Kb7 20. Nb5 Nxh4 21. Rxh4 Nf5 22. Rh3 c6 23. Nc3 Qe7 24. Kb1 Qb4 25. a3 Qc4 26. Qxc4 dxc4 27. Ne2 g6 28. Rdh1 gxh5 29. c3 h4 30. Ng3 hxg3 31. Rxh8 g2 32. R8h2 gxh1=Q+ 33. Rxh1 Kc7 34. Rh7 Rf8 35. Kc1 Kd7 36. Kd2 a4 37. Ke2 Ke7 38. Kf3 Ra8 39. Ke4 Ra5 40. Rh5 Rb5 0-1


[Site "https://www.chess.com"]

[Event "Titled Tuesday Blitz November 29 Early 2022"]
[White "Havas, Ladislav"]
[Black "Godzwon, Iwo"]
[WhiteFideId "14501090"]
[BlackFideId "21802483"]
[WhiteElo "2199"]
[BlackElo "2284"]
[Result "1/2-1/2"]
[Round "04"]
[TimeControl "180+1"]
[Date "2022.11.30"]
[WhiteClock "0:00:47"]
[BlackClock "0:00:06"]

1. d4 Nf6 2. Bg5 d5 3. Bxf6 exf6 4. e3 Bd6 5. c4 dxc4 6. Bxc4 O-O 7. Nc3 c6 8. Nf3 Bf5 9. Bd3 Bg4 10. Be2 Nd7 11. h3 Bh5 12. Qb3 Rb8 13. O-O f5 14. Rad1 Re8 15. a4 Nf6 16. Ng5 Bg6 17. Bd3 h6 18. Nf3 Ne4 19. Ne2 Qf6 20. Nf4 Bxf4 21. exf4 Bh5 22. Bc4 Nd6 23. Rd3 Bxf3 24. Rxf3 Qxd4 25. Rc1 Nxc4 26. Rxc4 Re1+ 27. Kh2 Qd6 28. Rd3 Qc7 29. Rcd4 Re4 30. g3 Rxd4 31. Rxd4 b6 32. Qd3 b5 33. Rd7 Qb6 34. Kg2 bxa4 35. Qxf5 Rf8 36. Qe5 a6 37. h4 Qb5 38. Qc3 Rb8 39. Rd2 c5 40. Qe5 Qc6+ 41. Kh2 Re8 42. Qc3 Kh7 43. Qd3+ g6 44. h5 Re1 45. hxg6+ Kg7 46. f3 Qxg6 47. Qxg6+ Kxg6 48. Rd6+ Kg7 49. Rxa6 Re2+ 50. Kh3 Rxb2 51. Rxa4 Rc2 52. Ra5 c4 53. Rc5 Rc1 54. g4 c3 55. Kg3 Kf6 56. Kg2 Ke6 57. f5+ Kd6 58. Rc4 Ke5 59. Kh2 Kd5 60. Rc7 Kd4 61. Rxf7 Ke3 62. Kg3 c2 63. Rc7 Rg1+ 64. Kh4 c1=Q 65. Rxc1 Rxc1 66. Kh5 Rc6 67. g5 hxg5 68. Kxg5 Rc5 69. Kg6 Kf4 70. f6 Rc6 71. Kg7 Kg5 72. f7 Rc7 73. Kg8 Rxf7 74. Kxf7 Kf4 75. Kf6 Kxf3 1/2-1/2


[Site "https://www.chess.com"]

[Event "Titled Tuesday Blitz November 29 Early 2022"]
[White "Hovhannisyan, Robert"]
[Black "Boros, Denes"]
[WhiteFideId "13302507"]
[BlackFideId "722340"]
[WhiteElo "2570"]
[BlackElo "2464"]
[Result "0-1"]
[Round "04"]
[TimeControl "180+1"]
[Date "2022.11.30"]
[WhiteClock "0:00:02"]
[BlackClock "0:00:17"]

1. e4 c5 2. Nf3 e6 3. d4 cxd4 4. Nxd4 Bc5 5. Be2 Qb6 6. Be3 Nc6 7. c3 Nf6 8. Nd2 Nxd4 9. cxd4 Bb4 10. d5 Qd8 11. O-O O-O 12. Bg5 h6 13. Bh4 g5 14. Bg3 Bxd2 15. Qxd2 Nxe4 16. Qb4 exd5 17. Be5 d6 18. Bd4 Re8 19. Rfe1 a5 20. Qa3 Bf5 21. Bb5 Re6 22. Rac1 Qe7 23. Re3 Nf6 24. Rce1 Ng4 25. R3e2 Ne5 26. Bxe5 dxe5 27. Qxe7 Rxe7 28. Rxe5 Rxe5 29. Rxe5 Be6 30. f4 gxf4 31. Kf2 Rc8 32. Bd3 Kg7 33. Re1 Kf6 34. Kf3 Bf5 35. Rd1 Bxd3 36. Rxd3 Ke5 37. Rd1 d4 38. Re1+ Kd5 39. Kxf4 Rc7 40. Re5+ Kc4 41. Ke4 f5+ 42. Rxf5 Re7+ 43. Kf3 d3 44. Rf8 Rd7 45. Rc8+ Kd4 46. Kf2 Re7 47. Rd8+ Kc4 48. Rc8+ Kd4 49. Rd8+ Ke4 50. Rd6 h5 51. g3 Rf7+ 52. Ke1 Rf5 53. Re6+ Kf3 54. Rg6 Rd5 55. Kd2 Kg2 56. g4 h4 57. g5 Kxh2 58. Rg8 Kg2 59. g6 h3 60. g7 Rg5 61. Kxd3 h2 62. Rh8 Rxg7 63. Kc4 Rg3 64. Kb5 Rh3 65. Rg8+ Kf1 66. Rf8+ Ke1 67. Rc8 Rh5+ 68. Kb6 Kd2 69. Kxb7 h1=Q+ 70. Ka6 Qd5 71. b3 Qe6+ 72. Kb7 Rh7+ 73. Rc7 Qd5+ 0-1


[Site "https://www.chess.com"]

[Event "Titled Tuesday Blitz November 29 Early 2022"]
[White "Hrabinska, Myroslava"]
[Black "Rangel, Daniel"]
[WhiteFideId "14109190"]
[BlackFideId "2124475"]
[WhiteElo "2171"]
[BlackElo "2225"]
[Result "0-1"]
[Round "04"]
[TimeControl "180+1"]
[Date "2022.11.30"]
[WhiteClock "0:00:06"]
[BlackClock "0:00:10"]

1. e4 c5 2. b4 cxb4 3. a3 bxa3 4. d4 d5 5. exd5 Nf6 6. c4 b5 7. Bxa3 bxc4 8. Bxc4 Nbd7 9. Qa4 g6 10. Nf3 Bg7 11. O-O O-O 12. Nc3 Nb6 13. Qb3 Bb7 14. Rfe1 Re8 15. Bb5 Nbxd5 16. Bxe8 Qxe8 17. Qxb7 Nxc3 18. Rxe7 Qb5 19. Rxf7 Ne2+ 20. Kh1 Qxb7 21. Rxb7 Ne4 22. g3 Nxf2+ 23. Kg2 Ng4 24. Re1 Nxd4 25. Rxg7+ Kxg7 26. Nxd4 Kf7 27. Re7+ Kf6 28. Nc6 a5 29. Rxh7 Ne3+ 30. Kf3 Nc4 31. Bc5 Ke6 32. Bf2 a4 33. Nd4+ Kd5 34. Nb5 Kc6 35. Nc3 a3 36. Na2 Kb5 37. Rb7+ Kc6 38. Rg7 Kd5 39. Rxg6 Ne5+ 40. Kf4 Nxg6+ 41. Kg5 Ne5 42. h4 Kc4 43. Be1 Kb3 44. Nb4 a2 45. Nxa2 Rxa2 46. Kf5 Nf3 47. h5 Nxe1 48. h6 Rh2 49. Kg6 Nf3 50. g4 Ne5+ 51. Kf5 Nxg4 52. Kxg4 Rxh6 0-1


[Site "https://www.chess.com"]

[Event "Titled Tuesday Blitz November 29 Early 2022"]
[White "Hristodoulou, Panagiotis"]
[Black "sabkeIXO"]
[WhiteFideId "4214340"]
[WhiteElo "2272"]
[BlackElo "2485"]
[Result "1-0"]
[Round "04"]
[TimeControl "180+1"]
[Date "2022.11.30"]
[WhiteClock "0:00:08"]
[BlackClock "0:00:35"]

1. e4 d5 2. exd5 Nf6 3. d4 Nxd5 4. Nf3 Bg4 5. Be2 Nc6 6. h3 Bh5 7. c4 Nb6 8. d5 Bxf3 9. Bxf3 Ne5 10. Be2 e6 11. dxe6 Qxd1+ 12. Kxd1 fxe6 13. b3 Bc5 14. Be3 Bxe3 15. fxe3 Rd8+ 16. Ke1 Ke7 17. Nc3 a6 18. Rd1 Nc8 19. Rxd8 Rxd8 20. Rf1 Nd6 21. Bd1 Nf5 22. Bc2 Nxe3 23. Rf2 Nxc2+ 24. Rxc2 Rd3 25. Ne2 Ng6 26. Kf2 e5 27. Nc3 b6 28. Nd5+ Kd6 29. Nb4 Rd1 30. Nxa6 c5 31. Ke2 Rd4 32. g3 e4 33. Rd2 Ne5 34. Ke3 Rxd2 35. Kxd2 Kc6 36. b4 Nxc4+ 37. Kc3 Nd6 38. bxc5 bxc5 39. a3 Kb7 40. Nxc5+ Kc6 41. Ne6 Ne8 42. Kd4 Kd6 43. Ng5 h6 44. Nxe4+ Ke6 45. a4 g5 46. a5 Nc7 47. g4 Nb5+ 48. Kc5 Nc7 49. Kc6 Na6 50. Nc5+ Nxc5 51. Kxc5 h5 52. a6 hxg4 53. hxg4 Ke5 54. a7 Kf4 55. a8=Q Kxg4 56. Kd4 Kf4 57. Qe4+ Kg3 58. Ke3 g4 59. Qf4+ Kh3 60. Kf2 Kh4 61. Kg2 Kh5 62. Qf5+ Kh4 63. Qg6 g3 64. Qxg3+ Kh5 65. Kf3 Kh6 66. Kf4 Kh7 67. Kf5 Kh8 68. Kf6 Kh7 69. Qg7# 1-0


[Site "https://www.chess.com"]

[Event "Titled Tuesday Blitz November 29 Early 2022"]
[White "Ibarra Jerez, Jose Carlos"]
[Black "Dilanyan, Grigor"]
[WhiteFideId "2226332"]
[BlackFideId "13303570"]
[WhiteElo "2638"]
[BlackElo "2229"]
[Result "1/2-1/2"]
[Round "04"]
[TimeControl "180+1"]
[Date "2022.11.30"]
[WhiteClock "0:00:04"]
[BlackClock "0:00:14"]

1. e4 e5 2. Nf3 Nc6 3. Bb5 a6 4. Bxc6 dxc6 5. O-O Ne7 6. Nxe5 Qd4 7. Qh5 g6 8. Qg5 Bg7 9. Nf3 Qxe4 10. Re1 Qb4 11. b3 h6 12. Qe3 Be6 13. Ba3 Nd5 14. Bxb4 Nxe3 15. fxe3 Bxa1 16. c3 Bb2 17. e4 b6 18. d4 a5 19. Ba3 Bxa3 20. Nxa3 a4 21. b4 Bxa2 22. Ne5 c5 23. Nb5 Ke7 24. d5 cxb4 25. cxb4 Kf6 26. Nc6 Rac8 27. e5+ Kg7 28. Nc3 Bb3 29. Nd4 Rhd8 30. e6 c5 31. Nc6 Rxd5 32. Nxd5 Bxd5 33. Ne7 Bxe6 34. Nxc8 Bxc8 35. bxc5 bxc5 36. Rc1 a3 37. Ra1 Be6 38. Rxa3 c4 39. Kf2 h5 40. h4 Kf6 41. Ra5 Ke7 42. Ke3 Kd6 43. Kd4 Ke7 44. Ke5 Kf8 45. Kf6 Ke8 46. Rc5 Kd7 47. Ke5 Kd8 48. Kd6 Ke8 49. g3 Kf8 50. Ke5 Kg7 51. Rc7 Kh6 52. Kf6 Kh7 53. Re7 Bd5 54. Re8 Be6 55. Re7 Bd5 56. Rc7 Be6 57. Rb7 Kg8 58. Rb8+ Kh7 59. Ra8 Bd5 60. Ra7 Be6 61. Rc7 Bd5 62. Ke5 Be6 63. Rc5 Kg7 64. Rc6 g5 65. hxg5 Kg6 66. Kf4 Kg7 67. Rc5 Kg6 68. Re5 Kg7 69. Re2 Kg6 70. Rf2 Bd5 71. Rd2 Be6 72. Rd6 Kg7 73. Ke5 Kg6 74. Kf4 Kg7 75. Rc6 Kg6 76. Rc5 Kg7 77. Ke3 Kg6 78. Kd4 Kg7 79. Kc3 Kg6 80. Re5 Kg7 81. Kb4 Kg6 82. Kc5 Kg7 83. Kd6 Kg6 84. Rc5 Kg7 85. Ke7 Kg6 86. Kf8 c3 87. Ke7 c2 88. Rxc2 Kxg5 89. Rh2 Kg4 90. Rh4+ Kg5 91. Kd6 Bg4 92. Ke5 f6+ 93. Ke4 f5+ 94. Ke5 f4 95. Rxh5+ Bxh5 96. gxf4+ Kg6 97. Ke6 Kg7 98. f5 Bf7+ 99. Ke7 Bg8 100. f6+ Kg6 101. Kf8 Bf7 102. Ke7 Bg8 103. f7 Bxf7 1/2-1/2


[Site "https://www.chess.com"]

[Event "Titled Tuesday Blitz November 29 Early 2022"]
[White "Iinuma, Paul Y"]
[Black "Postnikov, Daniil"]
[WhiteFideId "2031809"]
[BlackFideId "4166329"]
[WhiteElo "2066"]
[BlackElo "2261"]
[Result "0-1"]
[Round "04"]
[TimeControl "180+1"]
[Date "2022.11.30"]
[WhiteClock "0:00:07"]
[BlackClock "0:00:06"]

1. d4 Nf6 2. g4 Nxg4 3. e4 d5 4. e5 g6 5. h3 Nh6 6. Nf3 Nf5 7. Bg5 Bg7 8. Bd3 O-O 9. Qd2 Re8 10. Qf4 c5 11. c3 Nc6 12. dxc5 Qc7 13. Bxf5 Bxf5 14. Bh6 Nxe5 15. Nxe5 Bxe5 16. Qe3 Rac8 17. Nd2 Bf6 18. b4 e5 19. Rd1 d4 20. Qf3 e4 21. Qg3 Be5 22. Qh4 dxc3 23. Nc4 c2 24. Rc1 Bc3+ 25. Kf1 e3 26. Nxe3 Bd3+ 27. Kg1 Bd2 28. Nd5 Bxc1 29. Nf6+ Kh8 30. Bxc1 h5 31. Qg5 Re1+ 32. Kg2 Qc6+ 33. f3 Re2+ 34. Kg3 Kg7 35. Nxh5+ Kf8 36. Bf4 Re6 37. Qh6+ Ke7 38. Bg5+ Kd7 39. Qg7 Qd5 40. Qxf7+ Kc6 41. h4 gxh5 42. Rh2 c1=Q 43. Bxc1 Rg6+ 44. Bg5 Qxf7 0-1


[Site "https://www.chess.com"]

[Event "Titled Tuesday Blitz November 29 Early 2022"]
[White "Indjic, Aleksandar"]
[Black "Ginzburg, Yakov"]
[WhiteFideId "911925"]
[BlackFideId "4157176"]
[WhiteElo "2592"]
[BlackElo "2305"]
[Result "1-0"]
[Round "04"]
[TimeControl "180+1"]
[Date "2022.11.30"]
[WhiteClock "0:00:42"]
[BlackClock "0:00:44"]

1. e4 c5 2. Nc3 e6 3. Nge2 Nc6 4. g3 d5 5. exd5 exd5 6. d4 cxd4 7. Nxd4 Bc5 8. Nb3 Bb4 9. Bg2 Nge7 10. O-O Bxc3 11. bxc3 O-O 12. Ba3 Re8 13. Re1 Bf5 14. h4 Rc8 15. g4 Be6 16. f4 Ng6 17. f5 Qxh4 18. fxe6 Rxe6 19. Rxe6 fxe6 20. Bd6 Nce5 21. Qe1 Qg5 22. Nd4 Nxg4 23. Qxe6+ 1-0


[Site "https://www.chess.com"]

[Event "Titled Tuesday Blitz November 29 Early 2022"]
[White "Ismayil, Malak"]
[Black "Oparin, Grigoriy"]
[WhiteFideId "13412604"]
[BlackFideId "24125890"]
[WhiteElo "1879"]
[BlackElo "2639"]
[Result "0-1"]
[Round "04"]
[TimeControl "180+1"]
[Date "2022.11.30"]
[WhiteClock "0:00:03"]
[BlackClock "0:02:24"]

1. e4 c5 2. Nf3 e6 3. b3 Nc6 4. Bb2 Nf6 5. d3 d5 6. Nbd2 Be7 7. g3 O-O 8. Bg2 b5 9. O-O Bb7 10. Qe2 a5 11. a4 b4 12. Rfe1 Re8 13. Rad1 Rc8 14. h4 h6 15. Nb1 Qb6 16. e5 Nd7 17. g4 Nd4 18. Bxd4 cxd4 19. g5 h5 20. Nh2 g6 21. f4 Rc7 22. Rd2 Rec8 23. Nf1 Nb8 24. Ng3 Nc6 25. Bf3 Bf8 26. Kh2 Ne7 27. Rg1 Bg7 28. Rg2 Ba6 29. Qd1 Kf8 30. Qg1 Ke8 31. Qe1 Kd7 32. Qe2 Kc6 33. Qd1 Kb7 34. Kh3 Ka7 35. Kh2 Bb7 36. Kh3 Nc6 37. Kh2 Nb8 38. Kh3 Nd7 39. Kh2 Nc5 40. Kh3 Bc6 41. Kh2 Bf8 42. Kh3 Nd7 43. Kh2 Qb7 44. Kh3 Bc5 45. Kh2 Bb6 46. Kh3 Nc5 47. Kh2 Ne4 48. dxe4 dxe4 49. Bxe4 Bxe4 50. Nxe4 Qxe4 51. Qf1 Rxc2 52. Qb5 Rxd2 53. Nxd2 Qxf4+ 54. Kh3 Rc3+ 0-1


[Site "https://www.chess.com"]

[Event "Titled Tuesday Blitz November 29 Early 2022"]
[White "Kalashian, David"]
[Black "Poltorak, Sebastian"]
[WhiteFideId "13302418"]
[BlackFideId "1199498"]
[WhiteElo "2490"]
[BlackElo "2196"]
[Result "0-1"]
[Round "04"]
[TimeControl "180+1"]
[Date "2022.11.30"]
[WhiteClock "0:01:53"]
[BlackClock "0:01:24"]

1. d4 Nf6 2. c4 g6 3. Nc3 d5 4. Bf4 Bg7 5. e3 O-O 6. Rc1 c5 7. dxc5 dxc4 8. Qxd8 Rxd8 9. Bxc4 Nbd7 10. Nb5 a6 11. Nc7 Ra7 12. b4 e5 13. Bg5 h6 14. Bxf6 Nxf6 15. Rd1 Rxd1+ 16. Kxd1 Ne4 17. Ke2 a5 18. b5 a4 19. Nd5 Be6 20. Nf3 Bxd5 21. Bxd5 Nc3+ 22. Kd3 Nxd5 23. Rc1 Kf8 24. Ke4 Nb4 25. Rc4 f5# 0-1


[Site "https://www.chess.com"]

[Event "Titled Tuesday Blitz November 29 Early 2022"]
[White "Kezin, Roman"]
[Black "Sadykov, Ramil"]
[WhiteFideId "24124621"]
[BlackFideId "24113590"]
[WhiteElo "2501"]
[BlackElo "2245"]
[Result "0-1"]
[Round "04"]
[TimeControl "180+1"]
[Date "2022.11.30"]
[WhiteClock "0:00:01"]
[BlackClock "0:00:02"]

1. Nf3 Nf6 2. g3 g6 3. Bg2 Bg7 4. O-O O-O 5. b3 d5 6. Bb2 c5 7. e3 Nc6 8. d4 Ne4 9. Qc1 Re8 10. dxc5 e5 11. Rd1 d4 12. c3 d3 13. b4 Bg4 14. h3 Bxf3 15. Bxf3 Ng5 16. Bg2 e4 17. Nd2 Ne5 18. h4 Ngf3+ 19. Nxf3 exf3 20. Bf1 g5 21. h5 Qd7 22. c4 Qg4 23. h6 Bh8 24. Qc3 Rad8 25. Rxd3 Rxd3 26. Bxd3 Qh5 27. Bf1 Bf6 28. Qd4 Ng4 29. Qxg4 Qxg4 30. Bxf6 Qh5 31. Rd1 Qg6 32. Rd6 Qf5 33. Bd4 Qg4 34. b5 a6 35. c6 bxc6 36. bxa6 Ra8 37. a7 Qc8 38. Bd3 Qb7 39. Be4 Qc7 0-1


[Site "https://www.chess.com"]